 Dungeon Crawl Stone Soup version 0.29-a0-96-g93358da72b (webtiles) character file.

Game seed: 2802789861727961926

30530 Gargoyl the Cleaver (level 13, -3/80 HPs)
             Began as a Gargoyle Abyssal Knight on Feb 12, 2022.
             Was a Believer of Lugonu.
             Slain by a large abomination (13 damage)
             ... on level 6 of the Lair of Beasts.
             The game lasted 00:28:32 (25636 turns).

Gargoyl the Cleaver (Gargoyle Abyssal Knight)      Turns: 25636, Time: 00:28:33

Health: -3/80      AC: 31    Str: 23    XL:     13   Next: 52%
Magic:  19/19      EV:  8    Int: 10    God:    Lugonu [**....]
Gold:   987        SH:  6    Dex: 10    Spells: 12/12 levels left

rFire   + + .      SeeInvis .   v - +5 hand axe "Figgas" {pain, rF+}
rCold   + . .      Faith    .   w - +2 buckler
rNeg    + + .      Spirit   .   s - +0 plate armour of Fun and Games {Will+}
rPois   ∞          Reflect  .   c - +2 helmet
rElec   +          Harm     .   p - scarf {rC+ rF+}
rCorr   .          Rampage  .   (no gloves)
Will    +....                   r - +2 pair of boots
Stlth   ..........              (no amulet)
HPRegen 0.23/turn               i - ring of positive energy
MPRegen 0.16/turn               (no ring)

@: no status effects
A: sickness immunity, AC +9, negative energy resistance 1, electricity
resistance, torment resistance 1, petrification resistance
a: Renounce Religion, Depart the Abyss, Bend Space


You were on level 6 of the Lair of Beasts.
You worshipped Lugonu.
Lugonu was pleased with you.
You visited 2 branches of the dungeon, and saw 16 of its levels.
You visited the Abyss 2 times.
You also visited: Sewer.

You collected 1097 gold pieces.
You spent 110 gold pieces at shops.

Inventory:

Hand Weapons
 a - a +4 hand axe of chaos
 v - the +5 hand axe "Figgas" (weapon) {pain, rF+}
   (You found it on level 7 of the Dungeon)

   In the hands of one skilled in necromantic magic, it inflicts extra damage on
   living creatures.
   rF:        It protects you from fire.
Missiles
 q - 12 poisoned darts
 y - a throwing net
Armour
 c - a +2 helmet (worn)
 p - a scarf of resistance (worn)
 r - a +2 pair of boots (worn)
 s - the +0 plate armour of Fun and Games (worn) {Will+}
   (You found it on level 2 of the Lair of Beasts)

   Will:      It increases your willpower.
 w - a +2 buckler (worn)
 B - a +0 chain mail of fire resistance
Jewellery
 i - a ring of positive energy (left hand)
Wands
 e - a wand of digging (18)
 t - a wand of charming (6)
 u - a wand of polymorph (5)
 x - a wand of flame (23)
 z - a wand of paralysis (7)
Scrolls
 b - a scroll of silence
 f - 4 scrolls of magic mapping
 h - 7 scrolls of teleportation
 k - a scroll of fear
 l - a scroll of summoning
 m - 3 scrolls of blinking
 o - 2 scrolls of identify
 C - 2 scrolls of fog
Potions
 g - 2 potions of brilliance
 j - 2 potions of flight
 n - a potion of magic
 A - a potion of cancellation


   Skills:
 + Level 9.5 Fighting
 * Level 13.7 Axes
 + Level 2.6 Throwing
 + Level 11.4 Armour
 * Level 6.0 Dodging
 + Level 2.1 Stealth
 + Level 2.2 Shields
 * Level 8.7 Invocations
 + Level 1.5 Evocations


You had 12 spell levels left.
You didn't know any spells.
Your spell library contained the following spells:

 Spells                   Type           Power      Damage    Failure   Level
 Animate Skeleton         Necr           0%         N/A       99%         1
 Apportation              Tloc           0%         N/A       99%         1
 Pain                     Necr           0%         1d4       99%         1
 Sting                    Tmut/Pois      0%         1d3       99%         1
 Poisonous Vapours        Pois/Air       0%         N/A       100%        2
 Gell's Gravitas          Tloc           0%         N/A       100%        3
 Mephitic Cloud           Conj/Pois/Air  0%         N/A       100%        3
 Teleport Other           Tloc           0%         N/A       100%        3
 Vampiric Draining        Necr           0%         2d6       100%        3
 Olgreb's Toxic Radiance  Pois           0%         N/A       100%        4
 Alistair's Intoxication  Tmut/Pois      0%         N/A       100%        5
 Borgnjor's Vile Clutch   Necr/Erth      0%         N/A       100%        5
 Conjure Ball Lightning   Conj/Air       0%         3x3d6     100%        6
 Dispersal                Tloc           0%         N/A       100%        6
 Eringya's Noxious Bog    Tmut/Pois      0%         N/A       100%        6


Dungeon Overview and Level Annotations

Branches:
Dungeon (10/15)            Temple (0/1) D:4            Lair (6/6) D:10
  Swamp (0/4) Lair:3       Spider (0/4) Lair:3        Slime (0/5) Lair:5
  Sewer (visited)
    Orc: D:9-12

Altars:
Nemelex Xobeh
Trog
Uskayaw
Vehumet
Beogh
Jiyva

Shops:
D:5 ?   D:8 :


Innate Abilities, Weirdness & Mutations

You are immune to sickness and miasma.
Your stone body is resilient. (AC +9)
You are immune to poison.
You resist negative energy. (rN+)
You are resistant to electric shocks. (rElec)
You are resistant to unholy torment.
You are immune to petrification.


Message History

The smoke demon gestures at you.
The ball of steam hits you but does no damage.
You block the large abomination's attack.
You hit the smoke demon.
The smoke demon is severely wounded.
You hit the large abomination but do no damage.
Unknown command.
The smoke demon hits you but does no damage.
You block the smoke demon's attack. x2
You hit the smoke demon but do no damage.
The smoke demon is severely wounded.
You hit the large abomination but do no damage.
The large abomination is engulfed in a cloud of scalding steam.
The large abomination hits you!
The smoke demon hits you but does no damage.
The smoke demon hits you. You block the smoke demon's attack.
You hit the smoke demon.
The smoke demon is severely wounded.
You barely miss the large abomination.
The large abomination is engulfed in a cloud of scalding steam.
The large abomination hits you but does no damage.
The smoke demon hits you but does no damage.
You block the smoke demon's attack.
The smoke demon hits you but does no damage.
You closely miss the smoke demon.
The smoke demon is severely wounded.
You hit the large abomination but do no damage.
The large abomination hits you!!
* * * LOW HITPOINT WARNING * * *
Unknown command.
You feel better. The smoke demon completely misses you.
The smoke demon hits you but does no damage. x2
The large abomination is engulfed in a cloud of scalding steam.
The large abomination hits you!
* * * LOW HITPOINT WARNING * * *
Okay, then.
You feel better. The smoke demon gestures at you. The sticky flame misses you.
The large abomination hits you!
You die...

♣♣ X ♣ .♣♣. ♣♣♣ ... †.♣ ♣♣.. ..♣♣
♣♣..♣ ♣♣♣♣ .†.♣ ♣...♣♣♣♣♣♣♣...♣
...♣♣ ♣...♣♣.......♣♣♣♣♣ ♣♣ ....♣
♣♣♣♣♣♣♣.3.§...........♣♣♣.
♣♣..♣♣♣.^......X@................
♣♣...............................
♣.♣..............................
.................................
.............(...................
.................................
.................................
.................................
....P##..........................


You could see a large abomination and a smoke demon.

Vanquished Creatures
  Gastronok (Lair:1)
  A hydra (Lair:6)
  2 boulder beetles
  A death yak (Lair:2)
  Nergalle (Lair:1)
  2 black mambas
  13 cane toads
  3 rime drakes
  8 komodo dragons
  2 trolls (D:9)
  2 polar bears
  8 blink frogs
  Prince Ribbit (D:7)
  7 dream sheep (Lair:5)
  Sigmund (D:4)
  2 jumping spiders (Lair:3)
  2 wyverns (Lair:5)
  A vampire (D:10)
  32 yaks
  Eustachio (D:5)
  2 wraiths (D:10)
  3 steam dragons
  2 basilisks (Lair:6)
  A small abomination (Lair:6)
  8 water moccasins
  Pargi (Sewer)
  An orc warrior (D:9)
  A sky beast (D:8)
  A necrophage (D:8)
  2 ogres
  3 wolves (Lair:4)
  2 centaurs
  2 kobold brigands
  A phantom (D:5)
  12 bullfrogs
  4 scorpions
  A gnoll sergeant (D:9)
  13 wights
  An electric eel (Lair:2)
  6 howler monkeys
  A bullfrog zombie (D:6)
  2 centaur zombies
  A hound (D:6)
  5 orc priests
  A bullfrog skeleton (D:5)
  A jelly (D:8)
  A gnoll shaman (D:5)
  9 orc wizards
  A killer bee zombie (D:3)
  A hound skeleton (D:4)
  A howler monkey skeleton (D:7)
  2 river rats (D:5)
  3 adders
  13 gnolls
  A shadow imp (D:7)
  2 white imps
  5 worms
  A dart slug (D:3)
  53 orcs
  6 ball pythons
  3 endoplasms
  3 giant cockroaches
  8 goblins
  2 hobgoblins
  10 jackals
  A quokka (D:3)
  7 bats
  9 frilled lizards
  12 kobolds
  6 rats
329 creatures vanquished.

Vanquished Creatures (collateral kills)
  Urug (Lair:5)
  2 gnolls (D:4)
3 creatures vanquished.

Vanquished Creatures (others)
  An orc wizard (D:5)
  30 fungi
  22 plants
53 creatures vanquished.

Grand Total: 385 creatures vanquished

Notes
Turn   | Place    | Note
-------+----------+-------------------------------------------
     0 | Abyss:1  | Gargoyl the Gargoyle Abyssal Knight began the quest for the
                  | Orb.
     0 | Abyss:1  | Reached XP level 1. HP: 14/14 MP: 2/2
    11 | D:1      | Escaped the Abyss
   380 | D:1      | Reached XP level 2. HP: 19/19 MP: 3/3
   380 | D:1      | Reached * piety under Lugonu
   633 | D:1      | Found a faded altar of an unknown god.
   939 | D:2      | Reached XP level 3. HP: 19/24 MP: 4/4
  1133 | D:2      | Reached skill level 2 in Axes
  1151 | D:2      | Reached skill level 1 in Dodging
  2432 | D:3      | Found a radiant altar of Vehumet.
  2432 | D:3      | Found a sparkling altar of Nemelex Xobeh.
  2445 | D:3      | Reached XP level 4. HP: 19/30 MP: 5/5
  2946 | D:3      | Reached ** piety under Lugonu
  3537 | D:3      | Reached XP level 5. HP: 34/34 MP: 6/6
  3623 | D:4      | Noticed a steam dragon
  3686 | D:5      | Entered Level 5 of the Dungeon
  3862 | D:5      | Found Feigg's Magic Scroll Shop.
  3871 | D:5      | Bought a scroll of enchant weapon for 75 gold pieces
  3871 | D:5      | Bought a scroll of fear for 35 gold pieces
  3903 | D:5      | Noticed a phantom
  3922 | D:5      | Killed a phantom
  3923 | D:5      | Reached skill level 3 in Axes
  4119 | D:5      | Reached XP level 6. HP: 31/39 MP: 7/7
  4192 | D:5      | Found a runed translucent door.
  4208 | D:5      | Found a glowing drain.
  4226 | Sewer    | Entered a sewer
  4327 | Sewer    | Noticed Pargi
  4351 | Sewer    | Killed Pargi
  4352 | Sewer    | Reached skill level 4 in Axes
  4814 | D:5      | Reached XP level 7. HP: 29/44 MP: 8/8
  4852 | D:5      | Reached *** piety under Lugonu
  5037 | D:5      | Got Vehumet's Disquisition on Conjuration
  5105 | D:4      | Noticed Eustachio
  5110 | D:4      | Reached skill level 5 in Fighting
  5364 | D:5      | Killed Eustachio
  5365 | D:5      | Reached skill level 5 in Axes
  5365 | D:5      | Reached skill level 5 in Armour
  5949 | D:4      | Found a staircase to the Ecumenical Temple.
  5957 | D:4      | Reached XP level 8. HP: 24/49 MP: 9/9
  6125 | D:4      | Noticed Sigmund
  6150 | D:4      | Killed Sigmund
  6151 | D:4      | Reached skill level 6 in Axes
  6666 | D:6      | Found a bloodstained altar of Trog.
  6919 | D:5      | Reached skill level 7 in Axes
  7423 | D:6      | Reached XP level 9. HP: 38/55 MP: 10/10
  8112 | D:6      | Reached skill level 1 in Throwing
  8367 | D:7      | Reached **** piety under Lugonu
  8616 | D:7      | Noticed Prince Ribbit
  8624 | D:7      | Killed Prince Ribbit
  8625 | D:7      | Reached skill level 8 in Axes
  9013 | D:7      | Identified the +5 hand axe "Figgas" {pain, rF+}
  9142 | D:7      | Found a hide-covered altar of Uskayaw.
  9552 | D:8      | Reached skill level 9 in Axes
  9743 | D:8      | Reached XP level 10. HP: 37/61 MP: 11/11
 10658 | D:8      | Found Alut's Book Shop.
 10774 | D:9      | Reached skill level 10 in Axes
 11362 | D:9      | Reached skill level 1 in Stealth
 11597 | D:9      | Reached ***** piety under Lugonu
 11917 | D:10     | Entered Level 10 of the Dungeon
 12100 | Abyss:1  | Noticed a bone dragon
 12102 | Abyss:1  | Found a basalt altar of Yredelemnul.
 12108 | D:10     | Escaped the Abyss
 12548 | D:10     | Reached skill level 11 in Axes
 13131 | D:10     | Found a staircase to the Lair.
 13227 | Lair:1   | Entered Level 1 of the Lair of Beasts
 13227 | Lair:1   | Noticed Nergalle
 13311 | Lair:1   | Killed Nergalle
 13312 | Lair:1   | Reached XP level 11. HP: 56/67 MP: 13/13
 13902 | Lair:1   | Noticed Gastronok
 13956 | Lair:2   | Noticed a six-headed hydra
 13966 | Lair:2   | Banished a six-headed hydra
 14872 | Lair:1   | Reached skill level 5 in Invocations
 15912 | Lair:2   | Reached skill level 12 in Axes
 16615 | Lair:2   | Noticed a boulder beetle
 16631 | Lair:2   | Killed a boulder beetle
 17095 | Lair:2   | Identified the +0 plate armour of Fun and Games {Will+}
 17108 | Lair:2   | Reached XP level 12. HP: 63/75 MP: 16/16
 18180 | Lair:1   | Killed Gastronok
 18181 | Lair:1   | Reached skill level 10 in Armour
 18181 | Lair:1   | Reached skill level 1 in Shields
 18181 | Lair:1   | Reached skill level 1 in Evocations
 18409 | Lair:3   | Noticed a seven-headed hydra
 18410 | Lair:3   | Banished a seven-headed hydra
 18451 | Lair:3   | Found a staircase to the Swamp.
 18673 | Lair:3   | Noticed a death yak
 18676 | Lair:3   | Noticed a death yak
 18676 | Lair:3   | Noticed a death yak
 18678 | Lair:3   | Noticed a death yak
 18739 | Lair:2   | Killed a death yak
 19030 | Lair:1   | Banished a death yak
 19855 | Lair:3   | Found a hole to the Spider Nest.
 20362 | Lair:4   | Noticed a boulder beetle
 20380 | Lair:3   | Killed a boulder beetle
 20627 | Lair:3   | Reached skill level 5 in Dodging
 20894 | Lair:4   | Identified the +3 short sword of Kizeriuf {vorpal, rN+
                  | Str+5}
 21022 | Lair:4   | Reached skill level 13 in Axes
 21413 | Lair:4   | Noticed a six-headed hydra
 21415 | Lair:4   | Banished a six-headed hydra
 22099 | Lair:5   | Noticed an eight-headed hydra
 22107 | Lair:5   | Banished an eight-headed hydra
 22108 | Lair:5   | Reached XP level 13. HP: 46/80 MP: 5/18
 22443 | Lair:5   | Found a viscous altar of Jiyva.
 22443 | Lair:5   | Found a staircase to the Slime Pits.
 22638 | Lair:5   | Noticed Urug
 22665 | Lair:5   | Killed Urug
 24408 | Lair:6   | Entered Level 6 of the Lair of Beasts
 25636 | Lair:6   | Slain by a large abomination

Illustrated notes

Levels and vault maps discovered:
D:1:      grunt_arrival_crossed_arrows, layout_rooms,
          hellmonk_ecumenical_altar_inner_sanctum
D:2:      layout_loops_corners, grunt_ministairs_12
D:3:      minmay_skewed_foursquare, layout_basic,
          gammafunk_temple_overflow_statue, minmay_between
D:4:      layout_rooms, minmay_temple_entry_offerings, uniq_sigmund,
          uniq_eustachio
D:5:      layout_basic, serial_shops, nicolae_shop_stone, portal_sewer_entry_a,
          lightli_church_of_beogh
D:6:      layout_basic, trog_three_pillars_becter, lightli_orcish_oven
D:7:      layout_loops_ring, overflow_temple_1_default,
          chequers_serial_rivers_small_b, uniq_prince_ribbit1
D:8:      layout_loops_ring, serial_shops, nicolae_shop_stone, minmay_bent
D:9:      layout_loops_ring
D:10:     layout_roguey, lair_entry_dummy, hex_intersection
Lair:1:   layout_layer_cave, minmay_stone_trees_large,
          chequers_serial_rivers_small_a, chequers_serial_rivers_micro_d,
          uniq_nergalle, uniq_gastronok
Lair:2:   hellmonk_warped_wall, layout_cave_pods, serial_bayou_shore_a
Lair:3:   layout_loops_ring, swamp_mist_pool, spider_nest_entry_a
Lair:4:   layout_regular_city, serial_rivers, chequers_serial_rivers_micro_d,
          chequers_serial_rivers_micro_c, chequers_serial_rivers_marsh,
          chequers_serial_rivers_micro_b, grunt_megastairs_1
Lair:5:   layout_hall_layers, slime_altar_1, uniq_urug
Lair:6:   hellmonk_lair_end_abyssal_woods, layout_cave_shapes

Skill      XL: |  1  2  3  4  5  6  7  8  9 10 11 12 13 |
---------------+----------------------------------------+-----
Fighting       | 4 5 6 7 8 9 |  9.5
Axes           | 2 3 4 5 7 9 11 12 13 | 13.7
Dodging        | 1 2 3 4 5 6 |  6.0
Armour         | 3 4 5 6 7 8 9 10 11 | 11.4
Throwing       | 1 2 |  2.6
Stealth        | 1 2 |  2.1
Invocations    | 3 5 7 8 |  8.7
Shields        | 1 2 |  2.2
Evocations     | 1 |  1.5

Action                   |  1- 3 |  4- 6 |  7- 9 | 10-12 | 13-15 || total
-------------------------+-------+-------+-------+-------+-------++-------
Melee: Hand axe          |   108 |   185 |   418 |   836 |   227 ||  1774
       Punch             |     1 |     3 |     5 |     5 |       ||    14
Throw: Dart              |       |       |     9 |    31 |    14 ||    54
       Throwing net      |       |       |       |       |     1 ||     1
Invok: Depart the Abyss  |     1 |       |       |     1 |       ||     2
       Bend Space        |       |       |     2 |     2 |     2 ||     6
       Enter the Abyss   |       |       |       |     1 |       ||     1
       Banish            |       |       |       |     9 |     4 ||    13
Evoke: Wand              |       |       |     2 |    19 |     8 ||    29
  Use: Scroll            |     7 |     3 |     8 |     7 |     4 ||    29
       Potion            |       |     2 |     5 |     8 |     5 ||    20
Armor: Leather armour    |     5 |       |       |       |       ||     5
       Ring mail         |    48 |       |       |       |       ||    48
       Chain mail        |    17 |   148 |   348 |   351 |       ||   864
       Skin              |       |       |       |    17 |       ||    17
       Plate armour      |       |       |       |   150 |   132 ||   282
Dodge: Dodged            |    70 |    99 |   178 |   270 |    65 ||   682
Block: Buckler           |       |       |       |    62 |    55 ||   117

Table legend: (Time is in decaauts)
 A = Elapsed time spent in this place.
 B = Non-inter-level travel time spent in this place.
 C = Inter-level travel time spent in this place.
 D = Time resting spent in this place.
 E = Time spent auto-exploring this place.
 F = Levels seen in this place.
 G = Mean time per level.
                   A        B        C        D        E       F      G
               +--------+--------+--------+--------+--------+-----+--------+
         Total |  25515 |  24701 |    814 |   3958 |  16722 |  19 | 1342.9 |
       Dungeon |  12917 |  12393 |    524 |   1657 |   8518 |  10 | 1291.7 |
          Lair |  12152 |  11863 |    289 |   2234 |   7978 |   6 | 2025.3 |
         Abyss |     80 |     80 |      0 |     66 |     10 |   2 |   40.0 |
         Sewer |    365 |    365 |      0 |      0 |    215 |   1 |  365.0 |
               +--------+--------+--------+--------+--------+-----+--------+

Top non-repeatable levels by time:
  Lair:1: 3319 daAuts
  Lair:2: 2335 daAuts
     D:5: 1999 daAuts
  Lair:5: 1941 daAuts
     D:3: 1872 daAuts
  Lair:3: 1808 daAuts
  Lair:4: 1544 daAuts
     D:7: 1350 daAuts
     D:9: 1261 daAuts
  Lair:6: 1202 daAuts
     D:6: 1200 daAuts
     D:4: 1182 daAuts
     D:8: 1178 daAuts
     D:2: 1110 daAuts
    D:10: 1037 daAuts
